ORI
UNIVERSITY OF VIRGINIA CAVALIERS @ CALIFORNIA STATE UNIVERSITY AT FULLERTON TITANS
08/29/2044
 
TOP OF THE 1ST
University of Virginia Cavaliers batting - Pitching for California State University at Fullerton Titans : RHP Jason Stout
Pitching: RHP Jason Stout
Batting: RHB Rohit Gadhavi 0-0: Called Strike
0-1: Ball
1-1: Ball
2-1: Ball
3-1: DOUBLE (Flyball, 8RXD, EV 113.1 MPH)
Batting: LHB Sean Banks 0-0: Called Strike
0-1: Fly out, F8 (Flyball, 78D, EV 103.1 MPH)
Batting: RHB Arnaud Derosiers 0-0: Called Strike
0-1: Called Strike
0-2: Ball
1-2: Foul Ball, location: 2F
1-2: Ball
2-2: SINGLE (Line Drive, 78S, EV 96.3 MPH)
Rohit Gadhavi to third
Runner from 3rd tries for Home, throw by LF and OUT! 7-2
Batting: RHB Leo Villa 0-0: Ground out 5-3 (Groundball, 56S, EV 85.0 MPH)
Top of the 1st over - 0 runs, 2 hits, 0 errors, 1 left on base; University of Virginia 0 - California State University at Fullerton 0
BOTTOM OF THE 1ST
California State University at Fullerton Titans batting - Pitching for University of Virginia Cavaliers : RHP Devon Washington
Pitching: RHP Devon Washington
Batting: LHB Newt Peper 0-0: Bunt missed!
0-1: Ball
1-1: Ball
2-1: Ball
3-1: Ground out U3 (Groundball, 34S, EV 88.1 MPH)
Batting: LHB Wing-tat Tai 0-0: SINGLE (Line Drive, 6D, EV 97.5 MPH)
Batting: RHB Wan-ling Zhu 0-0: Ball
1-0: Ground out 5-3 (Groundball, 5S, EV 65.6 MPH)
Wing-tat Tai to second
Batting: RHB Azeem bin Zuhair 0-0: Ball
1-0: Ball
2-0: Ball
3-0: Called Strike
3-1: Base on Balls
Batting: LHB George Last 0-0: Ball
1-0: Ball
2-0: Ball
3-0: Base on Balls
Wing-tat Tai to third
Azeem bin Zuhair to second
Batting: RHB Don Burt 0-0: Ball
1-0: Fly out, F8 (Flyball, 8LXD, EV 94.4 MPH)
Bottom of the 1st over - 0 runs, 1 hit, 0 errors, 3 left on base; University of Virginia 0 - California State University at Fullerton 0
TOP OF THE 2ND
University of Virginia Cavaliers batting - Pitching for California State University at Fullerton Titans : RHP Jason Stout
Batting: RHB Adam Dudek 0-0: Ball
1-0: Foul Ball, location: 2F
1-1: Ball
2-1: Ground out 4-3 (Groundball, 4, EV 100.6 MPH)
Batting: SHB Omar Martin 0-0: Ball
1-0: Ball
2-0: Ball
3-0: Foul Ball, location: 2F
3-1: Called Strike
3-2: Foul Ball, location: 2F
3-2: Foul Ball, location: 2F
3-2: Foul Ball, location: 2F
3-2: Strikes out swinging
Batting: RHB Matt Peddle 0-0: Called Strike
0-1: SINGLE (Line Drive, 89S, EV 109.4 MPH)
Batting: RHB Matt Sobolewski 0-0: Called Strike
0-1: Foul Ball, location: 2F
0-2: Ball
1-2: Foul Ball, location: 2F
1-2: Ball
2-2: SINGLE (Groundball, 34D, EV 94.4 MPH)
Matt Peddle to second
Batting: RHB Gabe Secundino 0-0: Foul Ball, location: 2F
0-1: Fly out, F3 (Popup, 3, EV 77.5 MPH)
Top of the 2nd over - 0 runs, 2 hits, 0 errors, 2 left on base; University of Virginia 0 - California State University at Fullerton 0
BOTTOM OF THE 2ND
California State University at Fullerton Titans batting - Pitching for University of Virginia Cavaliers : RHP Devon Washington
Batting: LHB Xue-liang Zhou 0-0: Ball
1-0: Ball
2-0: Called Strike
2-1: Fly out, F8 (Flyball, 8LM, EV 80.6 MPH)
Batting: RHB Nate Dabney 0-0: Ball
1-0: Called Strike
1-1: Ball
2-1: Swinging Strike
2-2: Hit by Pitch
Batting: LHB Mike Fielden 0-0: Ball
1-0: Ball
2-0: Fielders Choice at 2nd, 5-4 (Groundball, 5, EV 86.3 MPH)
Batting: LHB Newt Peper 0-0: Ground out U3 (Groundball, 3, EV 110.0 MPH)
Bottom of the 2nd over - 0 runs, 0 hits, 0 errors, 1 left on base; University of Virginia 0 - California State University at Fullerton 0
TOP OF THE 3RD
University of Virginia Cavaliers batting - Pitching for California State University at Fullerton Titans : RHP Jason Stout
Batting: RHB Rohit Gadhavi 0-0: SINGLE (Groundball, 5D, EV 100.6 MPH)
Batting: LHB Sean Banks 0-0: Ball
1-0: Fly out, F8 (Flyball, 8LD, EV 101.9 MPH)
Batting: RHB Arnaud Derosiers 0-0: Ball
1-0: Ball
2-0: Foul Ball, location: 2F
2-1: Ball
3-1: DOUBLE (Line Drive, 89M, EV 90.6 MPH)
Rohit Gadhavi to third
Batting: RHB Leo Villa 0-0: Swinging Strike
0-1: Ball
1-1: Called Strike
1-2: Foul Ball, location: 2F
1-2: Ball
2-2: DOUBLE (Line Drive, 89XD, EV 100.6 MPH)
Rohit Gadhavi scores
Arnaud Derosiers scores
Batting: RHB Adam Dudek 0-0: Ball
1-0: Ball
2-0: Ball
3-0: Base on Balls
Batting: SHB Omar Martin 0-0: Ball
1-0: Ball
2-0: Called Strike
2-1: Ball
3-1: Called Strike
3-2: Foul Ball, location: 2F
3-2: Foul Ball, location: 2F
3-2: Grounds into double play, 4-6-3 (Groundball, 4, EV 90.0 MPH)
Top of the 3rd over - 2 runs, 3 hits, 0 errors, 1 left on base; University of Virginia 2 - California State University at Fullerton 0
BOTTOM OF THE 3RD
California State University at Fullerton Titans batting - Pitching for University of Virginia Cavaliers : RHP Devon Washington
Batting: LHB Wing-tat Tai 0-0: Fly out, F8 (Flyball, 89D, EV 78.1 MPH)
Batting: RHB Wan-ling Zhu 0-0: Fly out, F9 (Flyball, 9, EV 90.6 MPH)
Batting: RHB Azeem bin Zuhair 0-0: Called Strike
0-1: Ball
1-1: Ground out 5-3 (Groundball, 56S, EV 90.6 MPH)
Bottom of the 3rd over - 0 runs, 0 hits, 0 errors, 0 left on base; University of Virginia 2 - California State University at Fullerton 0
TOP OF THE 4TH
University of Virginia Cavaliers batting - Pitching for California State University at Fullerton Titans : RHP Jason Stout
Batting: RHB Matt Peddle 0-0: Ball
1-0: Called Strike
1-1: Swinging Strike
1-2: Ground out U3 (Groundball, 34, EV 105.0 MPH)
Batting: RHB Matt Sobolewski 0-0: Fly out, F3 (Popup, 3F, EV 61.9 MPH)
Batting: RHB Gabe Secundino 0-0: Ball
1-0: Swinging Strike
1-1: Ball
2-1: Ball
3-1: Base on Balls
Batting: RHB Rohit Gadhavi 0-0: Ball
1-0: Called Strike
1-1: Ground out 6-3 (Groundball, 6S, EV 71.3 MPH)
Top of the 4th over - 0 runs, 0 hits, 0 errors, 1 left on base; University of Virginia 2 - California State University at Fullerton 0
BOTTOM OF THE 4TH
California State University at Fullerton Titans batting - Pitching for University of Virginia Cavaliers : RHP Devon Washington
Batting: LHB George Last 0-0: Ball
1-0: Called Strike
1-1: Foul Ball, location: 2F
1-2: Strikes out looking
Batting: RHB Don Burt 0-0: Called Strike
0-1: Ground out 6-3 (Groundball, 6, EV 103.8 MPH)
Batting: LHB Xue-liang Zhou 0-0: Called Strike
0-1: Ball
1-1: Ball
2-1: Ball
3-1: Called Strike
3-2: Foul Ball, location: 2F
3-2: Foul Ball, location: 2F
3-2: Base on Balls
Batting: RHB Nate Dabney 0-0: Swinging Strike
0-1: Fielders Choice at 2nd, 6-4 (Groundball, 6, EV 83.8 MPH)
Bottom of the 4th over - 0 runs, 0 hits, 0 errors, 1 left on base; University of Virginia 2 - California State University at Fullerton 0
TOP OF THE 5TH
University of Virginia Cavaliers batting - Pitching for California State University at Fullerton Titans : RHP Jason Stout
Pitching: RHP Jose Andrade
Batting: LHB Sean Banks 0-0: Ball
1-0: Called Strike
1-1: Ball
2-1: Ground out U3 (Groundball, 3L, EV 91.9 MPH)
Batting: RHB Arnaud Derosiers 0-0: Swinging Strike
0-1: Swinging Strike
0-2: Ball
1-2: Strikes out swinging
Batting: RHB Leo Villa 0-0: Ball
1-0: Ball
2-0: Called Strike
2-1: Foul Ball, location: 2F
2-2: Ball
3-2: Strikes out looking
Top of the 5th over - 0 runs, 0 hits, 0 errors, 0 left on base; University of Virginia 2 - California State University at Fullerton 0
BOTTOM OF THE 5TH
California State University at Fullerton Titans batting - Pitching for University of Virginia Cavaliers : RHP Devon Washington
Batting: LHB Mike Fielden 0-0: DOUBLE (Line Drive, 7LM, EV 100.6 MPH)
Batting: LHB Newt Peper 0-0: Ball
1-0: Ball
2-0: Called Strike
2-1: SINGLE (Groundball, 4MD, EV 94.4 MPH)
Mike Fielden to third
Batting: LHB Wing-tat Tai 0-0: Called Strike
0-1: Swinging Strike
0-2: Ball
1-2: Fielders Choice at 2nd, 4-6 (Groundball, 4, EV 106.9 MPH)
Mike Fielden scores
Batting: RHB Wan-ling Zhu 0-0: Ball
Wild Pitch!
Wing-tat Tai to second
1-0: TRIPLE (Flyball, 89XD, EV 95.0 MPH)
Wing-tat Tai scores
Batting: RHB Azeem bin Zuhair 0-0: Foul Ball, location: 2F
0-1: 2-RUN HOME RUN (Flyball, 78XD, EV 101.3 MPH), Distance : 417 ft
Batting: LHB George Last 0-0: Ball
1-0: Ball
2-0: Called Strike
2-1: Ball
3-1: Called Strike
3-2: Base on Balls
Batting: RHB Don Burt 0-0: Ball
1-0: Ball
2-0: Fly out, F8 (Flyball, 8LXD, EV 91.9 MPH)
Pitching: RHP Ricky Casares
Batting: LHB Xue-liang Zhou 0-0: Fly out, F8 (Flyball, 89M, EV 83.1 MPH)
Bottom of the 5th over - 4 runs, 4 hits, 0 errors, 1 left on base; University of Virginia 2 - California State University at Fullerton 4
TOP OF THE 6TH
University of Virginia Cavaliers batting - Pitching for California State University at Fullerton Titans : RHP Jose Andrade
Batting: RHB Adam Dudek 0-0: Ball
1-0: Ball
2-0: Called Strike
2-1: SINGLE (Groundball, 13S, EV 75.0 MPH) (infield hit)
Batting: SHB Omar Martin 0-0: Ball
1-0: Ball
2-0: Fly out, F7 (Flyball, 78S, EV 84.4 MPH)
Batting: RHB Matt Peddle 0-0: Called Strike
0-1: Ball
1-1: Foul Ball, location: 2F
1-2: Strikes out looking
Pinch Hitting: LHB Asfour bin Sabih 0-0: Foul Ball, location: 2F
0-1: Ball
1-1: Ball
2-1: SINGLE (Groundball, 34D, EV 102.5 MPH)
Adam Dudek to second
Runner from 2nd tries for 3rd, SAFE, throw by RF made to third
Pinch Hitting: RHB Yoshihasa Kojima 0-0: Foul Ball, location: 2F
0-1: Ball
1-1: Ball
2-1: Ball
3-1: Foul Ball, location: 2F
3-2: Foul Ball, location: 2F
3-2: Base on Balls
Asfour bin Sabih to second
Pinch Hitting: RHB Yong Kim 0-0: Called Strike
0-1: Called Strike
0-2: Strikes out swinging
Top of the 6th over - 0 runs, 2 hits, 0 errors, 3 left on base; University of Virginia 2 - California State University at Fullerton 4
BOTTOM OF THE 6TH
California State University at Fullerton Titans batting - Pitching for University of Virginia Cavaliers : RHP Ricky Casares
Now at 3B: Alex Lira
Now at SS: John Hampton
Now in CF: Yoshihasa Kojima
Batting: RHB Nate Dabney 0-0: Ball
1-0: Called Strike
1-1: Called Strike
1-2: Ball
2-2: Foul Ball, location: 2F
2-2: Ball
3-2: SINGLE (Line Drive, 34D, EV 101.3 MPH)
Batting: LHB Mike Fielden 0-0: Ball
1-0: SINGLE (Line Drive, 4D, EV 109.4 MPH)
Nate Dabney to second
Batting: LHB Newt Peper 0-0: Called Strike
0-1: Called Strike
0-2: Ball
1-2: Ball
2-2: Ball
3-2: Base on Balls
Nate Dabney to third
Mike Fielden to second
Batting: LHB Wing-tat Tai 0-0: Ball
1-0: Ball
2-0: Called Strike
2-1: Ball
3-1: Called Strike
3-2: Base on Balls
Nate Dabney scores
Mike Fielden to third
Newt Peper to second
Batting: RHB Wan-ling Zhu 0-0: Ball
1-0: SINGLE (Groundball, 4, EV 110.0 MPH)
Mike Fielden scores
Newt Peper to third
Wing-tat Tai to second
Batting: RHB Azeem bin Zuhair 0-0: Ball
1-0: Ball
2-0: Swinging Strike
2-1: Swinging Strike
2-2: Strikes out swinging
Batting: LHB George Last 0-0: Ball
1-0: Reached on error, E7 (Flyball, 7D, EV 94.4 MPH)
Newt Peper scores
Wing-tat Tai scores
Wan-ling Zhu to third
Pitching: LHP Decebal Bostina
Batting: RHB Don Burt 0-0: Ball
1-0: Fly out, F8 (Flyball, 8LXD, EV 83.1 MPH)
Runner from 3rd tags up, SCORES, no throw by CF
Batting: LHB Xue-liang Zhou 0-0: Ball
1-0: Ground out 4-3 (Groundball, 4MS, EV 83.8 MPH)
Bottom of the 6th over - 5 runs, 3 hits, 1 error, 1 left on base; University of Virginia 2 - California State University at Fullerton 9
TOP OF THE 7TH
University of Virginia Cavaliers batting - Pitching for California State University at Fullerton Titans : RHP Jose Andrade
Pinch Hitting: SHB Luis Torres 0-0: Ball
1-0: Called Strike
1-1: Swinging Strike
1-2: Strikes out swinging
Batting: RHB Arnaud Derosiers 0-0: Ground out 6-3 (Groundball, 6, EV 88.1 MPH)
Batting: RHB Leo Villa 0-0: Ball
1-0: Fly out, F7 (Flyball, 7S, EV 89.4 MPH)
Top of the 7th over - 0 runs, 0 hits, 0 errors, 0 left on base; University of Virginia 2 - California State University at Fullerton 9
BOTTOM OF THE 7TH
California State University at Fullerton Titans batting - Pitching for University of Virginia Cavaliers : LHP Decebal Bostina
Now in LF: Evan Sakowitz
Batting: RHB Nate Dabney 0-0: Ball
1-0: SOLO HOME RUN (Flyball, 89XD, EV 111.9 MPH), Distance : 431 ft
Batting: LHB Mike Fielden 0-0: Ball
1-0: Foul Ball, location: 2F
1-1: Ball
2-1: Foul Ball, location: 2F
2-2: Fly out, F7 (Line Drive, 7D, EV 95.0 MPH)
Pinch Hitting: RHB Amir Christy 0-0: Called Strike
0-1: Called Strike
0-2: Strikes out swinging
Batting: LHB Wing-tat Tai 0-0: Fly out, F8 (Flyball, 8RM, EV 75.0 MPH)
Bottom of the 7th over - 1 run, 1 hit, 0 errors, 0 left on base; University of Virginia 2 - California State University at Fullerton 10
TOP OF THE 8TH
University of Virginia Cavaliers batting - Pitching for California State University at Fullerton Titans : RHP Jose Andrade
Now at 3B: Amir Christy
Batting: RHB Adam Dudek 0-0: Ball
1-0: Ball
2-0: Foul Ball, location: 2F
2-1: Foul Ball, location: 2F
2-2: Ground out 5-3 (Groundball, 15, EV 89.4 MPH)
Pinch Hitting: RHB Vinny Olivo 0-0: Ball
1-0: Ball
2-0: Ground out 6-3 (Groundball, 6MS, EV 72.5 MPH)
Batting: RHB Matt Peddle 0-0: Called Strike
0-1: Ball
1-1: Swinging Strike
1-2: Foul Ball, location: 2F
1-2: Ball
2-2: Foul Ball, location: 2F
2-2: Ball
3-2: Base on Balls
Pinch Hitting: LHB William Gonzales 0-0: Swinging Strike
0-1: Swinging Strike
0-2: Foul Ball, location: 2F
0-2: Foul Ball, location: 2F
0-2: Ball
1-2: Strikes out swinging
Top of the 8th over - 0 runs, 0 hits, 0 errors, 1 left on base; University of Virginia 2 - California State University at Fullerton 10
BOTTOM OF THE 8TH
California State University at Fullerton Titans batting - Pitching for University of Virginia Cavaliers : LHP Decebal Bostina
Now at 2B: Haden McMenemy
Now at 3B: Winston Buccat
Pinch Hitting: LHB Walt van der Rest 0-0: Ball
1-0: Called Strike
1-1: DOUBLE (Groundball, 3L, EV 103.1 MPH)
Pinch Hitting: SHB Mulatu Adebayo 0-0: Ball
1-0: Ball
2-0: Ball
Passed Ball!
Walt van der Rest to third
3-0: Base on Balls
Pinch Hitting: RHB Mike Hill 0-0: Ball
1-0: Called Strike
1-1: Foul Ball, location: 2F
1-2: Strikes out swinging
Batting: RHB Don Burt 0-0: Called Strike
0-1: Ball
1-1: Foul Ball, location: 2F
1-2: Foul Ball, location: 2F
1-2: Foul Ball, location: 2F
1-2: SINGLE (Groundball, 34D, EV 102.5 MPH)
Walt van der Rest scores
Mulatu Adebayo to second
Batting: LHB Xue-liang Zhou 0-0: Ball
1-0: Ball
2-0: Ball
3-0: Base on Balls
Mulatu Adebayo to third
Don Burt to second
Batting: RHB Nate Dabney 0-0: Called Strike
0-1: Called Strike
0-2: Strikes out swinging
Batting: LHB Mike Fielden 0-0: Called Strike
0-1: Ball
1-1: Ball
2-1: Ground out U3 (Groundball, 3, EV 79.4 MPH)
Bottom of the 8th over - 1 run, 2 hits, 0 errors, 3 left on base; University of Virginia 2 - California State University at Fullerton 11
TOP OF THE 9TH
University of Virginia Cavaliers batting - Pitching for California State University at Fullerton Titans : RHP Jose Andrade
Now at SS: Andy Zamora
Now in LF: Manny Olave
Now in CF: Walt van der Rest
Now in RF: Wing-tat Tai
Batting: RHB Yoshihasa Kojima 0-0: SINGLE (Groundball, 4MD, EV 105.6 MPH) (infield hit)
Pitching: RHP Josh Long
Pinch Hitting: SHB Eric Kelley 0-0: Foul Ball, location: 2F
0-1: Foul Ball, location: 2F
0-2: SINGLE (Line Drive, 9S, EV 89.4 MPH)
Yoshihasa Kojima to second
Pinch Hitting: RHB Kevin Steed 0-0: Foul Ball, location: 2F
0-1: Ball
1-1: Foul Ball, location: 2F
1-2: Fielders Choice at 2nd, 3-6 (Groundball, 34S, EV 83.1 MPH)
Yoshihasa Kojima to third
Pinch Hitting: LHB Rogelio Rios 0-0: Foul Ball, location: 2F
0-1: Called Strike
0-2: Foul Ball, location: 2F
0-2: Foul Ball, location: 2F
0-2: Fly out, F7 (Flyball, 78S, EV 92.5 MPH)
Pinch Hitting: RHB Terry Lewellyn 0-0: Swinging Strike
0-1: Ball
1-1: Ball
2-1: Swinging Strike
2-2: Strikes out swinging
Top of the 9th over - 0 runs, 2 hits, 0 errors, 2 left on base; University of Virginia 2 - California State University at Fullerton 11
Thursday, March 31st , 2022 - OOTP Baseball 22.12 Build 89